 Dungeon Sprint DCSS version 0.15.2 (webtiles) character file.

70 thegroundistoosoft the Grappler (level 4, -11/35 (38) HPs)
             Began as a Ghoul Monk on Nov 12, 2014.
             Mangled by a water elemental (15 damage)
             ... in the Dungeon (Sprint III: "The Ten Rune Challenge").
             The game lasted 00:01:07 (679 turns).

thegroundistoosoft the Grappler (Ghoul Monk)         Turns: 679, Time: 00:01:07

HP -11/35 (38)   AC  2     Str 14      XL: 4   Next: 21%
MP   3/3         EV 12     Int  5      God:
Gold 0           SH  0     Dex 12      Spells:  0 memorised,  3 levels left

rFire  . . .     SeeInvis .       - Unarmed
rCold  + . .     Clarity  .     a - +0 robe
rNeg   + + +     rCorr    .     (no shield)
rPois  +         rRot     +     (no helmet)
rElec  .         Spirit   .     (no cloak)
SustAb .         Warding  .     (no gloves)
rMut   .         NoTele   +     (no boots)
Saprov + + +                    (no amulet)
MR     .....                    (no ring)
                                (no ring)

@: rotting, not resistant to hostile enchantments, unstealthy
A: rotting body, claws 1, carnivore 3, cold resistance 1, negative energy
resistance 3, poison resistance, saprovore 3, slow healing 1, torment
resistance, unbreathing
a: no special abilities


You were in the Dungeon.
You were not hungry.

You visited 1 branch

Inventory:

Armour
 a - a +0 robe (worn)
Magical devices
 f - a wand of polymorph (12) {unknown}
Scrolls
 g - a scroll of blinking
Potions
 b - a potion of curing
 c - a potion of heal wounds
 d - a potion of haste
 e - 3 potions of magic


   Skills:
 - Level 3.2 Fighting
 - Level 2.6 Dodging
 - Level 2.1 Stealth
 + Level 9.7 Unarmed Combat


You had 3 spell levels left.
You didn't know any spells.

Dungeon Overview and Level Annotations

Branches:
Dungeon (1/1)

Altars:
Zin


Innate Abilities, Weirdness & Mutations

Your body is rotting away.
You have sharp fingernails.
You are carnivorous and can eat meat at any time.
Your flesh is cold resistant.
You are immune to negative energy.
Your system is resistant to poisons.
You thrive on rotten meat.
You heal slowly when monsters are visible.
You are immune to unholy pain and torment.
You can survive without breathing.


Message History

You have reached level 4!
You see here a human skeleton.
You see here a human skeleton.
You start resting.
You start resting.
You feel your flesh rotting away.
You start resting.
You start resting.
HP restored.
You open the door.
A water elemental comes into view.
There is an open door to the Ecumenical Temple here.
The water elemental hits you!!
Ouch! That really hurt!
The water elemental engulfs you in water!
With effort, you pull free of the water engulfing you.
The water engulfing you falls away. The water elemental hits you!
* * * LOW HITPOINT WARNING * * *
You open the door. The water elemental hits you!
You die...

▓▓▓ ♣.# ## ♣♣.# _# ###
.♣♣ ..# .# ..#....≈.♣♣
♣.###'#+###+#
..#...≈≈...♣♣.#.@........
..#..≈≈≈≈.♣...'.E........
#'#..≈≈≈≈≈≈.♣.#...######
..#.≈≈≈≈≈≈....#.⌠.#
.[#.≈≈≈≈≈.....#...#
..#.≈≈≈.......#+###
###...........#
..............#
▓▓▓▓▓▓▓▓▓▓▓▓▓▓▓


You could see a water elemental.

Vanquished Creatures
  A wolf (D)
  A human (D)
  Jessica (D)
  A giant mite (D)
  2 oozes (D)
6 creatures vanquished.

Vanquished Creatures (others)
  A draconian scorcher (D)
  2 yaktaurs (D)
  An electric eel (D)
4 creatures vanquished.

Grand Total: 10 creatures vanquished

Notes
Turn   | Place    | Note
--------------------------------------------------------------
     0 | D        | thegroundistoosoft, the Ghoul Monk, began the quest for the Orb.
     0 | D        | Reached XP level 1. HP: 19/19 MP: 1/1
    10 | D        | Reached skill level 5 in Unarmed Combat
   119 | D        | Noticed Jessica
   125 | D        | Reached skill level 6 in Unarmed Combat
   125 | D        | Reached XP level 2. HP: 20/26 MP: 2/2
   134 | D        | Killed Jessica
   134 | D        | Reached skill level 8 in Unarmed Combat
   134 | D        | Reached XP level 3. HP: 25/31 MP: 3/3
   292 | D        | Killed a white draconian scorcher
   347 | D        | Killed a yaktaur
   354 | D        | Killed a yaktaur
   376 | D        | Killed an electric eel
   429 | D        | Noticed a wolf
   437 | D        | Killed a wolf
   437 | D        | Reached skill level 9 in Unarmed Combat
   437 | D        | Reached XP level 4. HP: 9/36 MP: 3/3
   675 | D        | Noticed a water elemental
   679 | D        | Found a glowing silver altar of Zin.
   679 | D        | Mangled by a water elemental

Action                   |  1- 3 |  4- 6 || total
-------------------------+-------+-------++-------
Melee: Unarmed           |    31 |       ||    31
  Eat: Chunk             |     1 |       ||     1
